 Dungeon Crawl Stone Soup version 0.31.0-32-g396128a36d (webtiles) character file.

Game seed: 10430892026035351497

49 Arcadio the Apothecary (level 3, -6/24 HPs)
             Began as a Vampire Alchemist on Apr 8, 2024.
             Splashed by a jelly's acid (9 damage)
             ... on level 2 of the Dungeon.
             The game lasted 00:03:24 (1900 turns).

Arcadio the Apothecary (Vampire Alchemist)          Turns: 1900, Time: 00:03:24

Health: -6/24      AC: -1    Str:  7    XL:     3   Next: 53%
Magic:  1/7        EV: 13    Int: 19    God:
Gold:   119        SH:  0    Dex: 14    Spells: 4/7 levels left

rFire   + . .        h - +0 short sword
rCold   . . .        (no shield)
rNeg    . . .        a - +0 robe
rPois   .            l - +0 helmet
rElec   .            (no cloak)
rCorr   .            (no gloves)
SInv    +            (no boots)
Will    .....        (no amulet)
Stlth   ++           f - ring of protection from fire
HPRegen 0.44/turn    (no ring)
MPRegen 0.10/turn

%: no passive effects
@: corroded, healing quickly
A: alive, fangs 3, see invisible, vampiric 2
a: Exsanguinate


You were on level 2 of the Dungeon.
You visited 1 branch of the dungeon, and saw 2 of its levels.

You collected 119 gold pieces.

Inventory:

Hand Weapons
 h - a +0 short sword (weapon)
Armour
 a - a +0 robe (worn)
 l - a +0 helmet (worn)
Jewellery
 f - a ring of protection from fire (left hand)
Scrolls
 c - 2 scrolls of identify {unknown}
 i - a scroll of vulnerability {unknown}
 j - a scroll of teleportation {unknown}
 m - a scroll of fog {unknown}
 n - a scroll of torment {unknown}
 o - a scroll of amnesia {unknown}
 p - a scroll of silence {unknown}
Potions
 b - 2 potions of magic
 d - a potion of degeneration {unknown}
 e - a potion of heal wounds {unknown}
 g - a potion of curing {unknown}
 k - a potion of haste {unknown}
 q - a potion of mutation {unknown}


   Skills:
 + Level 3.1 Dodging
 - Level 3.0 Stealth
 + Level 2.6 Spellcasting
 - Level 0.6 Conjurations
 + Level 3.9 Alchemy


You had 4 spell levels left.
You knew the following spells:

 Your Spells              Type           Power      Damage    Failure   Level
a - Sting                 Conj/Alch      44%        1d5       6%          1
b - Mercury Vapours       Alch/Air       20%        N/A       11%         2

Your spell library contained the following spells:

 Spells                   Type           Power      Damage    Failure   Level
 Mephitic Cloud           Conj/Alch/Air  8%         N/A       26%         3
 Olgreb's Toxic Radiance  Alch           17%        N/A       30%         4
 Sticky Flame             Fire/Alch      10%        2d5       56%         4


Dungeon Overview and Level Annotations

Branches:
Dungeon (2/15)

Altars:
Ashenzari
Okawaru
Sif Muna
Trog
Uskayaw

Shops:
D:1 ::


Innate Abilities, Weirdness & Mutations

Your natural rate of healing is accelerated.
You have razor-sharp teeth.
You have supernaturally acute eyesight. (SInv)
You are afflicted with vampirism and can become a bat while bloodless.


Message History

The jelly barely misses you.
Casting: Sting (safe; 6% risk of failure)
Confirm with . or Enter, or press ? or * to list all spells.
Aiming: Sting (safe; 6% risk of failure)
Press: ? - help, Shift-Dir - straight line, f/p - jelly
Aim: a jelly (moderately wounded, poisoned, 100% to hit)
The sting hits the jelly.
The jelly partially resists.
The jelly is moderately wounded.
A nearby fungus withers and dies.
The jelly misses you.
Casting: Sting (safe; 6% risk of failure)
Confirm with . or Enter, or press ? or * to list all spells.
Aiming: Sting (safe; 6% risk of failure)
Press: ? - help, Shift-Dir - straight line, f/p - jelly
Aim: a jelly (moderately wounded, poisoned, 100% to hit)
The sting hits the jelly.
The jelly looks even sicker.
The jelly is heavily wounded.
The jelly barely misses you.
Casting: Sting (safe; 6% risk of failure)
Confirm with . or Enter, or press ? or * to list all spells.
Aiming: Sting (safe; 6% risk of failure)
Press: ? - help, Shift-Dir - straight line, f/p - jelly
Aim: a jelly (heavily wounded, very poisoned, 100% to hit)
The sting hits the jelly.
The jelly partially resists.
The jelly is severely wounded.
The jelly hits you.
You are splashed with acid!
Casting: Sting (safe; 6% risk of failure)
Confirm with . or Enter, or press ? or * to list all spells.
Aiming: Sting (safe; 6% risk of failure)
Press: ? - help, Shift-Dir - straight line, f/p - jelly
Aim: a jelly (severely wounded, very poisoned, 100% to hit)
The sting hits the jelly.
The jelly looks even sicker.
The jelly is severely wounded.
The jelly hits you. The acid corrodes you!
You are splashed with acid.
You hit the jelly but do no damage.
Your hands burn!
* * * LOW HITPOINT WARNING * * *
The jelly is almost dead.
The jelly hits you.
* * * LOW HITPOINT WARNING * * *
You are splashed with acid!
You die...

.......#############.....).##....
#####.####################.......
......# #$....÷##.##########.....
####..# #P.....#.#.#....#####....
# #..# #.J...J#.#.#.....##.#....
## #..# #_P.__÷#.#'#......'.#)##.
.###..###÷...JJ#.#........'.))###
>......##P___..#)#..)...).'.###
#......##÷.J...#@#.......##.#
###....##.P...JJ##......#####
###....##.....J################
.......######### #....# ####..##
#.##.# .... #.##.# ##### #.##.#
#.##.# # #.##.###


You could see a jelly (very poisoned) and 2 endoplasms.

Vanquished Creatures
  An adder (D:2)
  A dart slug (D:2)
  2 bats
  4 endoplasms
  3 goblins (D:1)
  3 hobgoblins (D:1)
  10 kobolds
  3 quokkas
  3 ball pythons
  3 frilled lizards (D:1)
  3 rats (D:2)
36 creatures vanquished.

Notes
Turn   | Place    | Note
-------+----------+-------------------------------------------
     0 | D:1      | Arcadio the Vampire Alchemist began the quest for the Orb.
     0 | D:1      | Reached XP level 1. HP: 13/13 MP: 3/3
   339 | D:1      | Found Pechetz's Book Shoppe.
   465 | D:1      | Reached XP level 2. HP: 19/19 MP: 3/5
   611 | D:1      | Found Majan's Vocational Training.
  1103 | D:2      | Gained mutation: You are afflicted with vampirism and can
                  | become a bat while bloodless. [Vampire growth]
  1103 | D:2      | Reached XP level 3. HP: 22/24 MP: 2/6
  1106 | D:2      | Learned a level 2 spell: Mercury Vapours
  1872 | D:2      | Found a bloodstained altar of Trog.
  1872 | D:2      | Found an iron altar of Okawaru.
  1872 | D:2      | Found a hide-covered altar of Uskayaw.
  1872 | D:2      | Found a shimmering blue altar of Sif Muna.
  1872 | D:2      | Found a broken altar of Ashenzari.
  1872 | D:2      | Found an iron altar of Okawaru.
  1900 | D:2      | Splashed by a jelly's acid

Illustrated notes

Levels and vault maps discovered:
D:1:      lightli_arrival_quake, layout_basic, serial_shops, shop,
          hangedman_glass_teeth, nicolae_shop_vocational
D:2:      cheibrodos_fertilizer, layout_basic

Skill      XL: |  1  2  3 |
---------------+----------+-----
Dodging        | 3 |  3.1
Stealth        | |  3.0
Spellcasting   | |  2.6
Conjurations   | |  0.6
Alchemy        | |  3.9

Action                     || total
---------------------------++-------
  Melee: Unarmed           ||     9
         Bite              ||     3
         Short sword       ||    48
         Punch             ||     1
   Cast: Sting             ||    49
   Stab: Sleeping          ||     2
 Armour: Robe              ||    42
  Dodge: Dodged            ||    57
